 Dungeon Crawl Stone Soup version 0.20.1-1-g8b1a95d (webtiles) character file.

151 Kairos the Chopper (level 5, 44/46 HPs)
             Began as a Hill Orc Fighter on Jan 30, 2019.
             Quit the game on level 3 of the Dungeon.
             The game lasted 00:02:38 (2096 turns).

Kairos the Chopper (Hill Orc Fighter)               Turns: 2096, Time: 00:02:39

Health: 44/46      AC:  7    Str: 20    XL:     5   Next: 33%
Magic:  5/5        EV:  8    Int:  8    God:
Gold:   47         SH:  9    Dex: 10    Spells: 4/4 levels left

rFire    . . .     SeeInvis .   a - +0 war axe
rCold    . . .     Gourm    .   c - +0 shield
rNeg     . . .     Faith    .   v - -1 ring mail (curse)
rPois    .         Spirit   .   k - +0 helmet
rElec    .         Reflect  .   (no cloak)
rCorr    .         Harm     .   (no gloves)
MR       .....                  m - +0 pair of boots
Stlth    ..........             (no amulet)
Regen    0.2/turn               (no ring)
MPRegen  0.1/turn               (no ring)

@: no status effects
A: no striking features
a: no special abilities


You were on level 3 of the Dungeon.
You were not hungry.

You visited 1 branch of the dungeon, and saw 3 of its levels.

You collected 47 gold pieces.

Inventory:

Hand Weapons
 a - a +0 war axe (weapon)
Armour
 b - a +0 scale mail
 c - a +0 shield (worn)
 k - a +0 helmet (worn)
 l - a +0 chain mail
 m - a +0 pair of boots (worn)
 v - a cursed -1 ring mail (worn)
Wands
 q - a wand of iceblast (14/15)
 s - a wand of iceblast (7/15)
Scrolls
 i - 3 scrolls of identify
 j - a scroll of random uselessness
 n - a scroll of teleportation {unknown}
 o - a scroll of fear {unknown}
 p - a scroll of magic mapping {unknown}
 r - a scroll of immolation {unknown}
 t - a scroll of remove curse {unknown}
Potions
 d - 2 potions of might
 e - a potion of heal wounds {unknown}
 g - 2 potions of cancellation {unknown}
 h - 3 potions of haste {unknown}
 w - a potion of curing {unknown}
Comestibles
 f - a bread ration
 u - a royal jelly


   Skills:
 + Level 4.2 Fighting
 + Level 4.6 Axes
 + Level 4.1 Armour
 + Level 1.0 Dodging
 + Level 0.1 Stealth
 + Level 4.1 Shields


You had 4 spell levels left.
You didn't know any spells.

Dungeon Overview and Level Annotations

Branches:
Dungeon (3/15)

Altars:
Ru


Message History

You barely miss the quokka.
The quokka is severely wounded.
The quokka bites you but does no damage.
You block the quokka's attack.
You barely miss the quokka.
The quokka is severely wounded.
The quokka bites you.
A quokka is nearby!
You closely miss the quokka.
The quokka is severely wounded.
You block the quokka's attack. The quokka closely misses you.
You slash the quokka!
You kill the quokka!
w - a murky pink potion No target in view!
As you read the scroll labeled WUCSILL VUISK, it crumbles to dust.
It is a scroll of identify.
j - a scroll of random uselessness Unknown command.
Are you sure you want to abandon this character and quit the game? (Confirm with "yes".)

.. ## #.# .... ...
..#.##.# ### .... ... ..
..#.#.##.# .#
.#.#....###.###...
............@.......
...#.#.#............
...##..#.#.#.####.###.#.
....................
...........#.####.###
....#.##.#.....##..
##..#.##.#.#.....##
....#.##.#....##.#
..............# #


There were no monsters in sight!

Vanquished Creatures
  An orc wizard (D:3)
  4 gnolls (D:2)
  2 adders
  A leopard gecko (D:1)
  6 orcs (D:3)
  7 giant cockroaches
  7 goblins
  5 hobgoblins
  7 jackals
  3 kobolds
  A quokka (D:3)
  A ball python (D:2)
  8 bats
  3 frilled lizards
  5 rats (D:2)
61 creatures vanquished.

Notes
Turn   | Place    | Note
-------+----------+-------------------------------------------
     0 | D:1      | Kairos the Hill Orc Fighter began the quest for the Orb.
     0 | D:1      | Reached XP level 1. HP: 19/19 MP: 1/1
   334 | D:1      | Reached XP level 2. HP: 25/27 MP: 2/2
   822 | D:1      | Reached XP level 3. HP: 31/33 MP: 3/3
   986 | D:2      | Reached XP level 4. HP: 29/40 MP: 4/4
  1469 | D:2      | Found a sacrificial altar of Ru.
  1537 | D:2      | Reached skill level 1 in Dodging
  1782 | D:3      | Reached XP level 5. HP: 44/46 MP: 5/5
  2096 | D:3      | Quit the game

Skill      XL: |  1  2  3  4  5 |
---------------+----------------+-----
Axes           | 3 4 |  4.6
Fighting       | 4 |  4.2
Dodging        | 1 |  1.0
Shields        | 4 |  4.1
Armour         | 4 |  4.1
Stealth        | |  0.1

Action                   |  1- 3 |  4- 6 || total
-------------------------+-------+-------++-------
Melee: War axe           |    88 |   120 ||   208
  Use: Scroll            |       |     1 ||     1
  Eat: Chunk             |       |     4 ||     4
Armor: Scale mail        |    34 |       ||    34
       Chain mail        |     8 |    99 ||   107
       Ring mail         |       |     1 ||     1
Dodge: Dodged            |    23 |    37 ||    60
Block: Shield            |    52 |    88 ||   140
